 Dungeon Crawl Stone Soup version 0.30.1-9-gdf580d7c3d (webtiles) character file.

Game seed: 2173456800668565551

63 KittyFluff the Cudgeller (level 4, -5/42 HPs)
             Began as a Gargoyle Berserker on Oct 18, 2023.
             Was a Believer of Trog.
             Slain by Crazy Yiuf
             ... wielding a +2 quarterstaff of chaos
              (7 damage)
             ... on level 3 of the Dungeon.
             The game lasted 00:07:47 (1850 turns).

KittyFluff the Cudgeller (Gargoyle Berserker)       Turns: 1850, Time: 00:07:47

Health: -5/42      AC:  7    Str: 22    XL:     4   Next: 10%
Magic:  0/4        EV:  8    Int:  8    God:    Trog [**....]
Gold:   113        SH:  9    Dex:  9    Spells: 3/3 levels left

rFire   . . .        a - +0 mace
rCold   . . .        h - +0 tower shield
rNeg    + . .        l - +0 leather armour
rPois   ∞            (no helmet)
rElec   +            (no cloak)
rCorr   .            (no gloves)
SInv    .            (no boots)
Will    .....        (no amulet) Stlth
                     (no ring)
HPRegen 0.27/turn    (no ring)
MPRegen 0.09/turn

%: no passive effects
@: berserking, very quick
A: sickness immunity, AC +3, negative energy resistance 1, electricity
resistance, torment resistance 1, petrification resistance
a: Renounce Religion, Berserk, Trog's Hand


You were on level 3 of the Dungeon.
You worshipped Trog.
Trog was pleased with you.
You visited 1 branch of the dungeon, and saw 3 of its levels.

You collected 113 gold pieces.

Inventory:

Hand Weapons
 a - a +0 mace (weapon)
Armour
 h - a +0 tower shield (worn)
 l - a +0 leather armour (worn)
Scrolls
 d - 3 scrolls of identify {unknown}
 e - 2 scrolls of torment {unknown}
 j - a scroll of vulnerability {unknown}
 k - 3 scrolls of fear {unknown}
Potions
 b - a potion of berserk rage {unknown}
 c - a potion of attraction {unknown}
 f - a potion of resistance {unknown}
 g - a potion of heal wounds {unknown}
 i - 2 potions of might {unknown}


   Skills:
 + Level 3.6 Fighting
 * Level 3.6 Maces & Flails
 * Level 3.2 Armour
 + Level 2.0 Dodging
 + Level 0.4 Shields


You had 3 spell levels left.
You didn't know any spells.
Your spell library was empty.

Dungeon Overview and Level Annotations

Branches:
Dungeon (3/15)

Altars:

Annotations:
D:3 Crazy Yiuf


Innate Abilities, Weirdness & Mutations

You are immune to sickness and miasma.
Your stone body is resilient. (AC +3)
You are immune to poison.
You resist negative energy. (rN+)
You are resistant to electric shocks. (rElec)
You are resistant to unholy torment.
You are immune to petrification.


Message History

Found a golden potion.
b - a golden potion
Found a spear.
You see here a +0 spear.
Found a hammer.
Found a hammer.
Found a runed translucent door.
Crazy Yiuf shouts!
Okay, then.
You open the door. You barely miss Crazy Yiuf. You block Crazy Yiuf's attack.
Crazy Yiuf hits you with a +2 quarterstaff of chaos!
You feel your power leaking away.
A red film seems to cover your vision as you go berserk!
You feel yourself moving faster!
You feel mighty! You block Crazy Yiuf's attack.
You sock Crazy Yiuf!
Crazy Yiuf is heavily wounded.
Crazy Yiuf screams, "Mugger!"
Crazy Yiuf hits you with a +2 quarterstaff of chaos.
Crazy Yiuf freezes you.
You closely miss Crazy Yiuf.
Crazy Yiuf is moderately wounded.
Crazy Yiuf screams, "Fluff!"
You block Crazy Yiuf's attack.
You closely miss Crazy Yiuf.
Crazy Yiuf is moderately wounded.
Crazy Yiuf hits you with a +2 quarterstaff of chaos!
* * * LOW HITPOINT WARNING * * *
You sock Crazy Yiuf!
Crazy Yiuf is severely wounded.
Crazy Yiuf hits you with a +2 quarterstaff of chaos!
* * * LOW HITPOINT WARNING * * *
You feel your power leaking away.
You completely miss Crazy Yiuf.
Crazy Yiuf is severely wounded.
Crazy Yiuf closely misses you.
You hit Crazy Yiuf.
Crazy Yiuf is almost dead.
Crazy Yiuf hits you with a +2 quarterstaff of chaos!
You die...

..#.>..........
#############
#...# #####
#...# #)..#
#...# #...#
#...# ...
##...#######
#g#
#...........
♣@♣♣
##.#########
♣♣.♣ #)# ♣.♣♣
#.# ♣♣.♣ #.#
♣♣.♣♣ #.#
♣♣...♣ #.#
♣.)..♣ #.#
#....# #.#
#....####.#


You could see Crazy Yiuf.

Vanquished Creatures
  An ufetubus (D:3)
  A worm (D:2)
  A dart slug (D:1)
  An orc (D:3)
  8 bats
  5 endoplasms
  3 giant cockroaches
  5 goblins
  3 hobgoblins
  2 quokkas
  6 ball pythons
  2 frilled lizards
  5 kobolds
  5 rats
48 creatures vanquished.

Notes
Turn   | Place    | Note
-------+----------+-------------------------------------------
     0 | D:1      | KittyFluff the Gargoyle Berserker began the quest for the
                  | Orb.
     0 | D:1      | Reached XP level 1. HP: 14/14 MP: 1/1
   398 | D:1      | Reached XP level 2. HP: 19/19 MP: 2/2
   680 | D:1      | Reached XP level 3. HP: 19/23 MP: 3/3
  1269 | D:2      | Reached ** piety under Trog
  1686 | D:3      | Reached XP level 4. HP: 19/28 MP: 4/4
  1838 | D:3      | Found a runed translucent door.
  1839 | D:3      | Noticed Crazy Yiuf
  1848 | D:3      | HP: 2/42 [Crazy Yiuf/+2 quarterstaff of chaos (9)]
  1850 | D:3      | Slain by Crazy Yiuf

Illustrated notes

Levels and vault maps discovered:
D:1:      beargit_arrival_diablo_church, layout_basic,
          chequers_serial_rivers_room_a, minmay_stone_trees_small, minmay_vboxes
D:2:      layout_rooms
D:3:      layout_basic, serial_shops, shop,
          hellmonk_ecumenical_altar_slurped_away, uniq_natasha,
          uniq_crazy_yiuf_cottage

Skill      XL: |  1  2  3 |
---------------+----------+-----
Armour         | 3 |  3.2
Dodging        | 2 |  2.0
Fighting       | |  3.6
Maces & Flails | |  3.6
Shields        | |  0.4

Action                     |  1- 3 |  4- 6 || total
---------------------------+-------+-------++-------
  Melee: Mace              |   148 |    15 ||   163
 Invoke: Berserk           |     1 |     1 ||     2
 Armour: Animal skin       |    90 |       ||    90
         Leather armour    |       |     4 ||     4
  Dodge: Dodged            |   106 |     3 ||   109
  Block: Tower shield      |    62 |     7 ||    69
